 Dungeon Crawl Stone Soup version 0.31-a0-1178-gc5c9b8f871 (webtiles) character file.

Game seed: 1716570178339427213

2592 Curundu the Slicer (level 9, -2/69 HPs)
             Began as a Merfolk Berserker on Dec 12, 2023.
             Was a High Priest of Trog.
             Slain by an orc
             ... wielding a +0 war axe
              (3 damage)
             ... on level 7 of the Dungeon.
             The game lasted 00:39:25 (6664 turns).

Curundu the Slicer (Merfolk Berserker)              Turns: 6664, Time: 00:39:25

Health: -2/69      AC: 13    Str: 22    XL:     9   Next: 58%
Magic:  3/3        EV: 12    Int:  6    God:    Trog [*****.]
Gold:   347        SH:  0    Dex: 19    Spells: 8/8 levels left

rFire   . . .        G - +4 short sword (antimagic)
rCold   . . .        (no shield)
rNeg    . . .        H - +2 chain mail
rPois   .            (no helmet)
rElec   .            m - +0 cloak
rCorr   .            (no gloves)
SInv    +            E - +0 pair of boots
Will    .....        e - amulet of regeneration Stlth
                     l - ring of see invisible
HPRegen 1.11/turn    y - +6 ring of dexterity
MPRegen 0.08/turn

%: no passive effects
@: no status effects
A: (nimble swimmer 2), mertail
a: Renounce Religion, Berserk, Trog's Hand, Brothers in Arms


You were on level 7 of the Dungeon.
You worshipped Trog.
Trog was extremely pleased with you.
You visited 2 branches of the dungeon, and saw 8 of its levels.
You also visited: Sewer.

You collected 347 gold pieces.

Inventory:

Hand Weapons
 h - a +4 dagger
 G - a +4 antimagic short sword (weapon)
Missiles
 a - an atropa-tipped dart
 f - a silver javelin
 v - a throwing net
 D - 17 poisoned darts
Armour
 m - a +0 cloak (worn)
 E - a +0 pair of boots (worn)
 H - a +2 chain mail (worn)
Jewellery
 e - an amulet of regeneration (around neck)
 l - a ring of see invisible (left hand)
 q - a ring of protection from fire
 y - a +6 ring of dexterity (right hand)
Wands
 k - a wand of mindburst (16)
 B - a wand of flame (9) (quivered)
 C - a wand of charming (7)
Scrolls
 b - 2 scrolls of revelation
 d - 3 scrolls of poison
 i - 2 scrolls of butterflies {unknown}
 j - a scroll of teleportation {unknown}
 n - 2 scrolls of immolation
 u - a scroll of noise {unknown}
 A - 2 scrolls of amnesia
 F - 2 scrolls of vulnerability
Potions
 c - a potion of mutation {unknown}
 g - 2 potions of curing {unknown}
 o - 2 potions of heal wounds {unknown}
 p - a potion of berserk rage
 r - 3 potions of resistance {unknown}
 s - a potion of invisibility {unknown}
 t - a potion of might {unknown}
 z - 3 potions of brilliance


   Skills:
 + Level 6.1 Fighting
 + Level 8.3 Short Blades
 + Level 5.0 Polearms
 + Level 4.5 Throwing
 + Level 3.9 Armour
 + Level 7.5 Dodging
 + Level 3.4 Stealth


You had 8 spell levels left.
You didn't know any spells.
Your spell library contained the following spells:

 Spells                   Type           Power      Damage    Failure   Level
 Lesser Beckoning         Tloc           0%         N/A       99%         2
 Gell's Gravitas          Tloc           0%         N/A       100%        3
 Teleport Other           Tloc           0%         N/A       100%        3


Dungeon Overview and Level Annotations

Branches:
Dungeon (7/15)             Temple (1/1) D:4           Sewer (visited)

Altars:
Ashenzari
Cheibriados
Dithmenos
Gozag
Kikubaaqudgha
Makhleb
Nemelex Xobeh
Okawaru
Qazlal
Ru
Sif Muna
Trog
Uskayaw
Vehumet
Xom
The Shining One

Shops:
D:3 :   D:5 [   D:6 *=[

Annotations:
D:5 tinescath's ghost, novice TrBe


Innate Abilities, Weirdness & Mutations

((You are very nimble when in or above water. (Stealth+, EV+, Speed+++)))
Your lower body shifts to a powerful aquatic tail in water.


Message History

* * * LOW HITPOINT WARNING * * *
The orc priest hits you from afar with a +0 trident!
* * * LOW HITPOINT WARNING * * *
The orc warrior completely misses you.
Aiming: Throw Flame
Press: ? - help, Q - select action, (/) - cycle Shift-Dir - straight line, f/p - orc warrior
Aim: an orc warrior, wielding a +0 short sword and wearing a +0 plate armour (moderately wounded, 68% to hit)
The puff of flame hits the orc warrior.
The orc warrior is heavily wounded.
The orc hits you but does no damage. The orc closely misses you.
The orc priest hits you but does no damage.
The orc warrior hits you with a +0 short sword.
* * * LOW HITPOINT WARNING * * *
Aiming: Throw Flame
Press: ? - help, Q - select action, (/) - cycle Shift-Dir - straight line, f/p - orc warrior
Aim: an orc warrior, wielding a +0 short sword and wearing a +0 plate armour (heavily wounded, 68% to hit)
The puff of flame misses the orc warrior.
The puff of flame hits the orc priest.
The orc priest is moderately wounded.
The orc completely misses you. The orc barely misses you.
The orc priest hits you from afar with a +0 trident.
* * * LOW HITPOINT WARNING * * *
The orc warrior hits you but does no damage.
Aiming: Throw Flame
Press: ? - help, Q - select action, (/) - cycle Shift-Dir - straight line, f - orc priest, p - orc warrior
Aim: an orc priest, wielding a +1 dagger of venom and wearing a +0 ring mail (moderately wounded, 72% to hit)
The puff of flame hits the orc warrior.
The orc warrior is heavily wounded.
The orc hits you but does no damage. The orc completely misses you.
The orc priest hits you but does no damage.
The orc warrior hits you with a +0 short sword.
* * * LOW HITPOINT WARNING * * *
You puncture the orc!
You kill the orc!
Trog accepts your kill. The orc priest closely misses you.
The orc warrior hits you with a +0 short sword.
* * * LOW HITPOINT WARNING * * *
The orc hits you with a +0 war axe.
You die...

. .## . . .. #.. ..#
.. #.oo ... #.# ...
.#.#### #.. #.# ...
.....# #.# #.# .?
...#.# #.# #.#
#o##o#.####.# #.#
#oo@).....#.#####.##
#.##)...............
# ###.##.#.#####.##
#?##.#.# #.##
#<...#.# #.##
.........###.# #.#
..#.####.# #.# #.#
#.# #.# ##.# #.# #.#
#..#


You could see an orc warrior, 2 orc priests and an orc.

Vanquished Creatures
  Pikel (D:4)
  A water moccasin (D:6)
  A black bear (D:6)
  An ice beast (D:7)
  A sky beast (D:6)
  4 ogres
  2 phantoms
  A bullfrog (D:3)
  A kobold brigand (D:5)
  6 scorpions
  2 howler monkeys
  A jelly (D:5)
  2 hounds
  A gnoll bouda (D:7)
  4 orc priests
  A hell rat (Sewer)
  An iguana (D:5)
  5 orc wizards
  4 adders
  6 gnolls
  2 river rats
  2 shadow imps
  2 white imps
  2 ufetubi (D:7)
  3 worms
  4 dart slugs
  31 orcs
  4 endoplasms
  4 giant cockroaches
  18 hobgoblins
  9 jackals
  8 quokkas
  6 ball pythons
  2 bats
  3 frilled lizards
  13 goblins
  21 kobolds
  15 rats
195 creatures vanquished.

Vanquished Creatures (others)
  A human (D:3)
1 creature vanquished.

Grand Total: 196 creatures vanquished

Notes
Turn   | Place    | Note
-------+----------+-------------------------------------------
     0 | D:1      | Curundu the Merfolk Berserker began the quest for the Orb.
     0 | D:1      | Reached XP level 1. HP: 18/18 MP: 1/1
   166 | D:1      | Reached XP level 2. HP: 24/24 MP: 2/2
   331 | D:1      | Reached ** piety under Trog
   381 | D:1      | Reached XP level 3. HP: 30/30 MP: 3/3
   412 | D:1      | Found a faded altar of an unknown god.
  1227 | D:2      | Reached XP level 4. HP: 37/37 MP: 4/4
  1363 | D:2      | Reached skill level 1 in Throwing
  1437 | D:2      | Reached skill level 5 in Polearms
  1739 | D:3      | Found an ancient bone altar of Kikubaaqudgha.
  1875 | D:3      | Reached *** piety under Trog
  1903 | D:3      | Found Cinaonoz's Book Shop.
  1906 | D:3      | Noticed a bullfrog
  1914 | D:3      | Killed a bullfrog
  1915 | D:3      | Reached skill level 1 in Short Blades
  1915 | D:3      | Reached XP level 5. HP: 41/42 MP: 5/5
  2037 | D:3      | HP: 1/42 [orc/+0 falchion (6)]
  2114 | D:3      | Found a burning altar of Makhleb.
  2358 | D:3      | Noticed a human
  2360 | D:3      | Killed a human
  2468 | D:3      | Found an iron altar of Okawaru.
  2656 | D:4      | Noticed an ogre
  2662 | D:4      | Killed an ogre
  2663 | D:4      | Reached skill level 2 in Short Blades
  2663 | D:4      | Reached skill level 1 in Stealth
  2663 | D:4      | Reached XP level 6. HP: 38/48 MP: 6/6
  2709 | D:4      | Found a staircase to the Ecumenical Temple.
  2765 | Temple   | Entered the Ecumenical Temple
  3084 | D:4      | Reached skill level 3 in Short Blades
  3130 | D:4      | Reached XP level 7. HP: 55/55 MP: 7/7
  3255 | D:4      | Noticed Pikel
  3285 | D:4      | Killed Pikel
  3286 | D:4      | Reached skill level 4 in Short Blades
  3286 | D:4      | Reached skill level 5 in Dodging
  3286 | D:4      | Reached XP level 8. HP: 52/61 MP: 8/8
  3380 | D:4      | Reached skill level 5 in Short Blades
  3437 | D:4      | Reached **** piety under Trog
  3867 | D:4      | Reached skill level 5 in Fighting
  3952 | D:5      | Entered Level 5 of the Dungeon
  3982 | D:5      | Found a runed translucent gate.
  3982 | D:5      | Found a runed translucent gate.
  3988 | D:5      | Noticed tinescath's ghost (novice TrBe)
  3993 | D:5      | Found a runed translucent gate.
  4283 | D:5      | Reached skill level 6 in Short Blades
  4641 | D:5      | Found a shadowy altar of Dithmenos.
  4843 | D:5      | Found Mihuwu's Armour Shop.
  5317 | D:6      | Reached ***** piety under Trog
  5318 | D:6      | Reached XP level 9. HP: 60/68 MP: 9/9
  5378 | D:6      | Found Gobet's Jewellery Shop.
  5378 | D:6      | Found Zyurr's Armour Shop.
  5380 | D:6      | Reached skill level 7 in Short Blades
  5380 | D:6      | Found Rayloov's General Store.
  5759 | D:6      | Received a gift from Trog
  5904 | D:6      | Found a glowing drain.
  5961 | Sewer    | Entered a sewer
  6262 | D:6      | Found a snail-covered altar of Cheibriados.
  6341 | D:7      | Found a radiant altar of Vehumet.
  6436 | D:7      | Reached skill level 8 in Short Blades
  6663 | D:7      | HP: 2/69 [orc warrior/+0 short sword (3)]
  6664 | D:7      | Slain by an orc

Illustrated notes

Levels and vault maps discovered:
D:1:      onia_arrival_handbag, layout_loops_corners,
          shapermc_ecumenical_altar_acropolis
D:2:      layout_basic, kennysheep_generic_room_9
D:3:      layout_loops_ring, kennysheep_okawaru_gauntlet, tgw_kikubaaqudgha,
          lemuel_doored_altar, serial_shops, shop, nrook_mini_vaults
D:4:      cheibrodos_greedy_goblins, layout_loops_corners,
          minmay_temple_entry_arrows, uniq_pikel
D:5:      layout_basic, mainiacjoe_overflow_alcove_2,
          gammafunk_ghost_nasty_kobolds, serial_shops, shop
D:6:      layout_loops_ring, cheibriados_altar_1, portal_sewer_entry_b,
          nicolae_shop_distant_corner_stores
D:7:      layout_loops_ring, zin_statuary, old_standard_altar,
          general_overflow_altar
Temple:   cyrus_temple_forest

Skill      XL: |  1  2  3  4  5  6  7  8  9 |
---------------+----------------------------+-----
Dodging        | 3 4 5 6 7 |  7.5
Throwing       | 2 3 4 |  4.5
Polearms       | 5 |  5.0
Fighting       | 4 5 6 |  6.1
Short Blades   | 1 2 3 4 6 8 |  8.3
Armour         | 2 3 |  3.9
Stealth        | 1 2 3 |  3.4

Action                     |  1- 3 |  4- 6 |  7- 9 || total
---------------------------+-------+-------+-------++-------
  Melee: Spear             |    43 |       |       ||    43
         Dagger            |    18 |   140 |   423 ||   581
         Punch             |       |     1 |     8 ||     9
         Short sword       |       |       |   173 ||   173
         Tailslap          |       |       |     4 ||     4
  Throw: Javelin           |    22 |     1 |       ||    23
         Dart              |    13 |    27 |    29 ||    69
  Evoke: Wand              |       |       |     4 ||     4
    Use: Scroll            |       |       |    12 ||    12
         Potion            |       |       |     1 ||     1
   Stab: Sleeping          |       |     1 |     1 ||     2
         Invisible         |       |       |     2 ||     2
 Armour: Animal skin       |    25 |       |       ||    25
         Leather armour    |     1 |    42 |   201 ||   244
         Ring mail         |       |    20 |       ||    20
         Chain mail        |       |       |    52 ||    52
  Dodge: Dodged            |    34 |    90 |   315 ||   439

Table legend: (Time is in decaauts)
 A = Elapsed time spent in this place.
 B = Non-inter-level travel time spent in this place.
 C = Inter-level travel time spent in this place.
 D = Time resting spent in this place.
 E = Time spent auto-exploring this place.
 F = Levels seen in this place.
 G = Mean time per level.
                   A        B        C        D        E       F      G
               +--------+--------+--------+--------+--------+-----+--------+
         Total |   6444 |   6444 |      0 |     37 |   4052 |   9 |  716.0 |
       Dungeon |   6258 |   6258 |      0 |     37 |   4052 |   7 |  894.0 |
        Temple |    103 |    103 |      0 |      0 |      0 |   1 |  103.0 |
         Sewer |     82 |     82 |      0 |      0 |      0 |   1 |   82.0 |
               +--------+--------+--------+--------+--------+-----+--------+

Top non-repeatable levels by time:
     D:5: 1239 daAuts
     D:4: 1162 daAuts
     D:1: 1002 daAuts
     D:6: 910 daAuts
     D:3: 900 daAuts
     D:2: 739 daAuts
     D:7: 303 daAuts
  Temple: 103 daAuts
   Sewer: 82 daAuts
